 Dungeon Crawl Stone Soup version 0.30-a0-652-gcc886f7154 (webtiles) character file.

Game seed: 551840094113531289

1827230 mrw0lf the Warrior (level 27, 185/185 HPs)
             Began as a Djinni Ice Elementalist on Jan 16, 2023.
             Was the Champion of Makhleb.
             Escaped with the Orb
             ... and 3 runes on Jan 17, 2023!
             The game lasted 06:03:37 (54537 turns).

mrw0lf the Warrior (Djinni Ice Elementalist)       Turns: 54537, Time: 06:03:37

Health: 185/185    AC: 13    Str:  5    XL:     27
Gold:   2381       EV: 36    Int: 32    God:    Makhleb [******] SH: 18 Dex: 26

rFire   + + +      SeeInvis +    a - +9 double sword of Exoneration {vamp, Int+3}
rCold   . . .      Faith    .    i - +3 kite shield {AC+3}
rNeg    . . .      Spirit   .    N - +4 troll leather armour
rPois   ∞          Reflect  .    F - +0 mask of the Dragon {Will+ Slay+3 SInv}
rElec   +          Harm     .    c - scarf {rC+ rF+}
rCorr   .          Rampage  .    s - +1 pair of gloves "Qeismes" {rPois Str-2 Int+3}
Will    +++..                    (boots unavailable)
Stlth   +                        X - amulet of regeneration
HPRegen 2.10/turn                O - ring "Xank" {EV+5 Int-2 Dex+9}
MPRegen 0.00/turn                e - ring "Tetiutic" {rElec rC+ EV+5}

@: flying, studying Short Blades
A: sickness immunity, fire resistance 2, cold vulnerability 2, float, innate
caster, HP casting, extra vitality 1, see invisible, deformed body,
deterioration 1, frail 1, electricity resistance, subdued magic 1
0: Orb of Zot
}: 3/15 runes: decaying, serpentine, slimy
a: Renounce Religion, Minor Destruction, Lesser Servant of Makhleb, Major
Destruction, Greater Servant of Makhleb


You escaped.
You worshipped Makhleb.
Makhleb was exalted by your worship.
You visited 10 branches of the dungeon, and saw 51 of its levels.
You also visited: Sewer, Bailey and Wizlab.

You collected 7227 gold pieces.
You spent 4846 gold pieces at shops.

Inventory:

Hand Weapons
 a - the +9 double sword of Exoneration (weapon) {vamp, Int+3}
   (You acquired it on level 5 of the Pits of Slime)

   Int:       It affects your intelligence (+3).
 b - the +3 scimitar of Peace {antimagic, rF- rC++ rCorr Int+4}
   (You took it off a deep elf pyromancer on level 3 of the Elven Halls)

   Int:       It affects your intelligence (+4).
   rF:        It makes you vulnerable to fire.
   rC:        It greatly protects you from cold.
   rCorr:     It protects you from acid and corrosion.
Missiles
 j - 4 silver javelins
 k - 3 throwing nets
Armour
 c - a scarf of resistance (worn)
 i - a +3 kite shield of protection (worn)
 s - the +1 pair of gloves "Qeismes" (worn) {rPois Str-2 Int+3}
   (You bought it in a shop on level 2 of the Orcish Mines)

   Str:       It affects your strength (-2).
   Int:       It affects your intelligence (+3).
   rPois:     It protects you from poison.
 F - the +0 mask of the Dragon (worn) {Will+ Slay+3 SInv}
   (You found it on level 3 of the Elven Halls)

   Slay:      It affects your accuracy & damage with ranged weapons and melee
   (+3).
   SInv:      It lets you see invisible.
   Will:      It increases your willpower.
 N - a +4 troll leather armour (worn)
 U - a +2 cloak of willpower
Jewellery
 e - the ring "Tetiutic" (right hand) {rElec rC+ EV+5}
   (You found it on level 1 of the Elven Halls)

   [ring of evasion]

   EV:        It affects your evasion (+5).
   rC:        It protects you from cold.
   rElec:     It insulates you from electricity.
 v - a +4 ring of protection
 A - the ring "Lubank" {rF+ rC+ Will- rCorr Str+2 Int+5}
   (You found it on level 5 of the Pits of Slime)

   [ring of protection from cold]

   Str:       It affects your strength (+2).
   Int:       It affects your intelligence (+5).
   rF:        It protects you from fire.
   rC:        It protects you from cold.
   rCorr:     It protects you from acid and corrosion.
   Will:      It decreases your willpower.
 M - a +4 ring of slaying
 O - the ring "Xank" (left hand) {EV+5 Int-2 Dex+9}
   (You bought it in a shop on level 3 of the Elven Halls)

   [ring of evasion]

   EV:        It affects your evasion (+5).
   Int:       It affects your intelligence (-2).
   Dex:       It affects your dexterity (+9).
 X - an amulet of regeneration (around neck)
Wands
 u - a wand of roots (60)
 z - a wand of paralysis (19)
 D - a wand of digging (3)
 S - a wand of acid (8)
Scrolls
 g - 4 scrolls of fear
 m - 11 scrolls of fog
 p - a scroll of magic mapping
 r - 2 scrolls of summoning
 t - 16 scrolls of teleportation
 y - 2 scrolls of poison
 B - 13 scrolls of blinking
 C - a scroll of enchant armour
 Q - 6 scrolls of silence
Potions
 d - 7 potions of might
 f - 9 potions of brilliance
 h - 8 potions of haste
 l - 12 potions of heal wounds
 n - 10 potions of resistance
 o - 4 potions of cancellation
 q - 25 potions of curing
 w - a potion of invisibility
 x - 10 potions of mutation
 G - a potion of berserk rage
Miscellaneous
 E - a phial of floods
 H - a condenser vane
 I - a phantom mirror
 K - a box of beasts
 L - a tin of tremorstones (2/2)
 V - a lightning rod (4/4)


   Skills:
 + Level 20.3 Fighting
 - Level 17.3 Long Blades
 + Level 12.3 Armour
 + Level 17.9 Dodging
 - Level 1.5 Stealth
 + Level 13.9 Shields
 - Level 17.9 Spellcasting
 - Level 16.1 Invocations
 + Level 12.3 Evocations


You couldn't memorise any spells.
You knew the following spells:

 Your Spells              Type           Power      Damage    Failure   Level
a - Hailstorm             Conj/Ice       84%        3d17      0%          3
b - Frozen Ramparts       Ice            100%       1d16      0%          3
c - Borgnjor's Vile Clut  Necr/Erth      42%        N/A       1%          5
d - Enfeeble              Hex            42%        N/A       1%          7
e - Ensorcelled Hibernat  Hex/Ice        100%       N/A       0%          2
f - Summon Cactus Giant   Summ           42%        N/A       1%          6
g - Magic Dart            Conj           100%       1d8       0%          1
h - Freeze                Ice            100%       1d10      0%          1
i - Necromutation         Tmut/Necr      42%        N/A       13%         8
k - Dragon Form           Tmut           42%        N/A       1%          7
s - Summon Mana Viper     Hex/Summ       84%        N/A       1%          5
w - Manifold Assault      Tloc           84%        N/A       0%          4
x - Eringya's Noxious Bo  Tmut/Pois      42%        N/A       1%          6
z - Summon Ice Beast      Ice/Summ       84%        N/A       0%          4
A - Ozocubu's Armour      Ice            84%        N/A       0%          3
D - Death's Door          Necr           42%        N/A       92%         9
R - Borgnjor's Revivific  Necr           42%        N/A       13%         8
Your spell library was empty.

Dungeon Overview and Level Annotations

Branches:
Dungeon (15/15)            Temple (0/1) D:6            Lair (5/5) D:8
  Swamp (4/4) Lair:3        Snake (4/4) Lair:3        Slime (5/5) Lair:4
    Orc (2/2) D:12            Elf (3/3) Orc:2        Vaults (4/5) D:13
  Crypt (0/3) Vaults:2     Depths (4/4) D:15            Zot (5/5) Depths:4
  Sewer (visited)          Bailey (visited)          WizLab (visited)

Altars:
Elyvilon
Gozag
Makhleb
Okawaru
Ru
Uskayaw
Wu Jian
Yredelemnul
Zin
The Shining One
Jiyva
Lugonu

Shops:
D:7 *?=![:   D:10 *(*   D:11 (   Orc:2 =(*[   Elf:3 =[=*(   Vaults:2 *
Vaults:4 *   Depths:2 !

Portals:
Hell: Depths:1 Depths:2 Depths:3 Depths:4
Abyss: Depths:3
Pandemonium: Depths:2 Depths:4
Ziggurat: Depths:3

Annotations:
D:6 exclusion: 8 doors
D:9 oro DIG
D:14 par scrolls dig
Lair:4 exclusion: downstairs
Slime:3 exclusion: upstairs
Slime:4 exclusion: upstairs
Elf:2 3 runed translucent doors
Vaults:1 exclusion: downstairs
Vaults:2 1 runed translucent door, Qarummed's ghost, adept GnBr
Depths:2 3 runed translucent doors, Charly's ghost, adept OpTm
Depths:3 exclusion: shard shrike
Zot:2 1 runed translucent door, HoaS's ghost, legendary GrHu
Zot:5 exclusion: 2 upstairs


Innate Abilities, Weirdness & Mutations

You are immune to sickness and miasma.
You are immune to poison.
Your flesh is very heat resistant. (rF++)
You are very vulnerable to cold. (rC--)
You float through the air rather than walking.
You learn spells naturally, not from books.
Your magical power is your life essence.
You have superior vitality. (+4 MHP)
You have supernaturally acute eyesight. (SInv)
Armour fits poorly on your strangely shaped body.
Your body sometimes deteriorates upon taking damage.
You are frail. (-10% HP)
You are resistant to electric shocks. (rElec)
Your spells are a little easier to cast, but a little less powerful.


Message History

You block the hell beast's attack. x2
Your cactus giant barely misses the hell beast.
You take 2 damage, and have 176/185 hp.
Casting: Manifold Assault (safe; 0% risk of failure)
Press: ? - help, Q - select action, (/) - cycle Dir - look around, f - activate Space momentarily warps into an impossible shape!
You barely miss the hell beast. You block the hell beast's attack.
The hell beast completely misses you. You block the hell beast's attack. x2
You take 2 damage, and have 174/185 hp.
Unknown command.
Unknown command.
Unknown command.
Unknown command.
You slash the hell beast!
The hell beast is moderately wounded.
The hell beast bites you! You block the hell beast's attack.
You take 7 damage, and have 167/185 hp.
You slice the hell beast!!
The hell beast is severely wounded.
The hell beast completely misses you. x2
You regained 2 hp, and now have 169/185 hp.
You closely miss the hell beast.
The hell beast is severely wounded.
You block the hell beast's attack. x2
Your cactus giant hits the hell beast with a +0 giant spiked club!!
You regained 2 hp, and now have 171/185 hp.
You miss the hell beast.
The hell beast is almost dead.
The hell beast closely misses you. The hell beast completely misses you.
You slash the hell beast!
You kill the hell beast!
Makhleb accepts your kill.
You feel better.
You regained 8 hp, and now have 180/185 hp.
HP restored.
Your cactus giant disappears in a puff of smoke!
There is a staircase leading out of the dungeon here.
Health restored: 185 You have escaped!

.##.# .##.######### #####
.##.#.......###...####
.)..#.......~♣##.##♣~#
.####.#####.~~♣#'#P~~##
.# #........~~~~~~~§~P#
##
#..#.....~~♣#.#♣~§#######
#........~~##.##♣~......#
#........###.@.########.#
#.#..##.## ##### #.#
#.##.#..# #.#
###.......##### ##.##
#.....#.......#####
##...##
##.###.#..####.....#
#.....#
.......#....##.....#
#.....#
....#######........#
#.....#
.......#.....#.....#
##...##


There were no monsters in sight!

Vanquished Creatures
  the Royal Jelly (Slime:5)
  An ancient lich (Zot:5)
  4 orbs of fire (Zot:5)
  A juggernaut (Depths:2)
  2 Killer Klowns (Zot:5)
  2 golden dragons (Zot:2)
  Nikola (Vaults:2)
  An electric golem (Zot:5)
  Mlioglotl (Snake:1)
  5 tentacled monstrosities
  20 Orb Guardians (Zot:5)
  2 deep elf blademasters (Elf:3)
  A titan (Depths:4)
  9 acid blobs (Slime:5)
  5 deep elf master archers
  4 sphinxes
  2 death cobs
  A tengu reaver (Depths:2)
  An ancient champion (Vaults:2)
  3 shadow dragons
  3 thorn hunters
  2 storm dragons
  4 azure jellies
  3 fenstrider witches
  Kirke (D:12)
  5 fire giants
  4 rockslimes (Slime:5)
  3 nagarajas (Snake:4)
  A draconian knight (Zot:5)
  4 deep elf sorcerers
  2 draconian scorchers
  3 frost giants
  An iron dragon (Depths:2)
  4 vault wardens
  Aizul (Snake:1)
  2 draconian shifters
  An orc warlord (Orc:2)
  A balrug (D:2)
  2 draconian stormcallers
  An angel (Depths:2)
  4 deep elf elementalists (Elf:3)
  A spriggan defender (Depths:2)
  6 ironbound preservers
  15 very ugly things
  5 stone giants
  4 quicksilver oozes (Slime:5)
  A war gargoyle (Vaults:1)
  2 ironbound thunderhulks
  6 eleionomae
  5 deep elf demonologists (Elf:3)
  Nessos (Lair:3)
  4 green draconians
  7 red draconians
  5 black draconians
  4 bunyips
  7 white draconians
  2 vampire knights
  4 dire elephants
  7 deep elf annihilators
  A deep elf death mage (Elf:3)
  2 purple draconians
  A crystal guardian (Vaults:1)
  A merfolk javelineer (Depths:1)
  3 ettins
  An ettin (shapeshifter) (Depths:2)
  4 fire dragons
  6 great orbs of eyes
  A green death (Swamp:4)
  6 yaktaur captains
  A shambling mangrove (WizLab)
  Josephine (D:12)
  7 vault guards
  11 hydras
  7 ice dragons
  4 rakshasas
  Harold (Lair:1)
  3 salamander tyrants
  2 ghost crabs
  Erolcha (D:13)
  A peacekeeper (Vaults:1)
  4 ironbound frosthearts
  5 two-headed ogres
  3 hell beasts
  4 spriggan air magi
  4 anacondas
  3 catoblepae (Lair:5)
  2 satyrs (WizLab)
  23 centaur warriors
  2 boulder beetles
  14 dancing weapons
  5 deep troll shamans
  8 alligators
  2 tengu warriors
  13 death yaks
  8 naga warriors
  8 deep troll earth magi
  3 spriggan berserkers
  3 orc high priests (Orc:2)
  3 sun demons
  3 deep elf knights
  10 naga sharpshooters
  A soul eater (Depths:2)
  Nergalle (Lair:2)
  2 shock serpents
  3 hell knights
  2 thrashing horrors (Swamp:4)
  5 iron trolls
  A shadow demon (Depths:2)
  Amaemon (D:8)
  A sixfirhy (Depths:2)
  3 goliath frogs
  9 salamander mystics
  44 deep trolls
  5 spriggan druids
  5 glowing orange brains
  8 bog bodies
  6 ironbound convokers
  4 naga ritualists
  A flayed ghost (Depths:1)
  15 deep elf pyromancers
  A steelbarb worm (shapeshifter) (Elf:3)
  14 deep elf archers
  16 deep elf zephyrmancers
  8 wizards
  3 harpies
  8 swamp dragons
  2 necromancers
  3 lindwurms
  2 orc knights
  7 mana vipers
  5 cyclopes
  3 will-o-the-wisps
  37 ugly things
  13 manticores
  4 orc sorcerers (Orc:2)
  2 shining eyes (Slime:5)
  2 oklob plants
  4 fauns (WizLab)
  18 salamanders
  A manticore (shapeshifter) (D:13)
  4 moths of wrath
  4 elephants
  A rust devil (Depths:2)
  13 vault sentinels
  34 black mambas
  3 guardian serpents
  9 naga magi
  A smoke demon (Depths:2)
  3 cane toads
  2 eyes of devastation (Slime:4)
  2 ice statues (Snake:4)
  2 torpor snails
  A gargoyle (Bailey)
  4 molten gargoyles (D:12)
  3 orange demons
  2 rime drakes
  21 yaktaurs
  3 kobold demonologists
  5 komodo dragons
  A large abomination (Swamp:4)
  An efreet (D:12)
  A red devil (Depths:1)
  A polar bear (Lair:3)
  10 tyrant leeches
  8 trolls
  11 hornets
  3 hellwings (Depths:2)
  Grinder (Sewer)
  41 slime creatures
  10 blink frogs
  9 spriggans
  A culicivora (shapeshifter) (D:14)
  2 air elementals (Elf:3)
  7 wyverns
  79 yaks
  2 shadows
  2 vampires
  7 wraiths
  5 humans (D:13)
  A fire elemental (Orc:2)
  A water elemental (Elf:3)
  5 basilisks
  A small abomination (Swamp:4)
  3 hogs (D:12)
  A yak (shapeshifter) (D:15)
  8 vampire mosquitoes
  21 swamp worms
  5 wargs
  22 nagas
  2 acid dragons
  19 water moccasins
  A swamp worm (shapeshifter) (D:15)
  An acid dragon (shapeshifter) (D:14)
  6 hell hounds
  3 swamp drakes (Swamp:4)
  2 black bears
  26 orc warriors
  A sky beast (D:7)
  4 boggarts (Vaults:2)
  9 ogres
  7 centaurs
  6 wolves (Lair:5)
  A phantom (D:5)
  A kobold brigand (D:10)
  2 gnoll sergeants
  10 bullfrogs
  A necrophage (Sewer)
  An earth elemental (Elf:3)
  2 scorpions
  6 wights
  18 killer bees
  7 electric eels
  7 vampire bats (Bailey)
  6 wolf zombies (Bailey)
  3 howler monkeys (D:9)
  A hound (D:4)
  A gnoll bouda (D:9)
  Crazy Yiuf (D:4)
  3 orc priests
  2 jellies
  Jessica (D:2)
  An iguana (D:7)
  10 orc wizards
  17 gnolls
  9 adders
  2 river rats (D:6)
  A nameless horror (Snake:3)
  3 ufetubi (Sewer)
  2 worms
  2 dart slugs
  41 orcs
  7 endoplasms
  4 giant cockroaches
  13 goblins
  12 hobgoblins
  14 jackals
  10 quokkas
  8 ball pythons
  6 bats
  3 frilled lizards
  A giant cockroach zombie (Sewer)
  31 kobolds
  A kobold zombie (Sewer)
  17 orc zombies (Bailey)
  6 rats
  2 bushes (Lair:5)
1441 creatures vanquished.

Vanquished Creatures (collateral kills)
  2 dread liches (Zot:5)
  2 orbs of fire (Zot:5)
  A juggernaut (Depths:2)
  A Killer Klown (Zot:5)
  3 golden dragons
  An electric golem (Zot:5)
  5 tentacled monstrosities
  Rupert (Lair:3)
  A Hell Sentinel (Depths:1)
  5 Orb Guardians (Zot:5)
  3 acid blobs
  A tengu reaver (Depths:2)
  3 death cobs
  5 sphinxes
  A draconian monk (Zot:5)
  3 rockslimes (Slime:5)
  A fenstrider witch (WizLab)
  5 azure jellies (Slime:5)
  2 nagarajas
  A fire giant (Depths:2)
  The ghost of Gakh the Fighter, a journeyman DrAr of Makhleb (Swamp:2)
  4 deep elf sorcerers (Elf:3)
  A draconian knight (Zot:5)
  A ghost moth (Zot:5)
  3 frost giants
  A draconian shifter (Zot:5)
  4 spectral caustic shrikes (Depths:1)
  An orc warlord (Vaults:2)
  A spriggan defender (Depths:2)
  3 deep elf elementalists (Elf:3)
  A draconian annihilator (Zot:5)
  8 very ugly things
  4 stone giants
  A quicksilver ooze (Slime:5)
  8 ironbound preservers
  2 deep elf demonologists
  2 deep elf annihilators (Elf:3)
  2 eleionomae (Swamp:2)
  A yellow draconian (Zot:2)
  4 purple draconians
  4 red draconians
  A vampire knight (Depths:3)
  Azrael (Orc:2)
  A white draconian (Zot:2)
  A bunyip (Swamp:2)
  4 dire elephants
  4 ettins
  3 deep elf death magi
  A green death (Swamp:4)
  A shambling mangrove (Swamp:4)
  2 great orbs of eyes
  6 fire dragons
  5 yaktaur captains
  2 vault guards (Vaults:1)
  7 hydras
  An ice dragon (Depths:3)
  13 anacondas
  3 centaur warriors
  4 alligators
  An ironbound frostheart (Vaults:4)
  A spriggan air mage (Elf:3)
  2 boulder beetles
  A satyr (WizLab)
  A tengu warrior (D:14)
  4 death yaks
  2 dancing weapons (Elf:3)
  A deep troll shaman (Depths:3)
  5 naga warriors
  4 hell knights (Depths:1)
  A spriggan (Swamp:4)
  3 sun demons (D:2)
  A naga sharpshooter (WizLab)
  A shock serpent (Snake:4)
  3 deep elf knights
  2 deep troll earth magi (Depths:2)
  A goliath frog (Swamp:1)
  An iron troll (Depths:4)
  2 salamander mystics (Snake:4)
  A lindwurm (Snake:4)
  3 swamp dragons (Swamp:4)
  3 naga ritualists
  2 bog bodies
  14 deep trolls
  2 orc knights (Vaults:2)
  3 deep elf archers
  An ironbound convoker (Vaults:1)
  3 harpies
  3 wizards
  A necromancer (Vaults:2)
  7 deep elf pyromancers
  5 deep elf zephyrmancers
  19 ugly things
  9 mana vipers
  A faun (WizLab)
  4 salamanders (Snake:4)
  5 guardian serpents
  5 naga magi
  A vault sentinel (Vaults:1)
  6 elephants
  Maurice (D:8)
  12 black mambas
  An orange demon (D:8)
  Maggie (D:6)
  2 rime drakes
  5 cane toads
  A yaktaur (shapeshifter) (Elf:3)
  4 komodo dragons
  6 yaktaurs
  3 trolls
  5 tyrant leeches
  3 hornets
  2 blink frogs (Lair:4)
  22 slime creatures
  A centaur simulacrum (D:15)
  4 air elementals
  3 shadows
  2 wyverns (D:9)
  A flying skull (Vaults:2)
  A vampire (D:13)
  2 water elementals
  22 yaks
  4 wraiths
  3 fire elementals
  3 vampire mosquitoes (D:15)
  8 nagas
  10 swamp worms
  2 hell hounds (Depths:3)
  5 water moccasins
  2 orc warriors (Orc:1)
  A black bear (D:7)
  2 ogres
  A sky beast (D:6)
  2 centaurs
  3 kobold brigands
  A nameless horror (D:4)
  2 bullfrogs
  A necrophage (D:4)
  A gnoll sergeant (Orc:2)
  3 wights
  6 killer bees
  2 wolf zombies (Bailey)
  3 electric eels
  A vampire bat (Bailey)
  2 jellies
  3 orc priests
  2 orc wizards
  A hound skeleton (D:4)
  4 gnolls
  2 shadow imps (Sewer)
  3 orcs
  A giant cockroach (Sewer)
  9 kobolds
  2 ball pythons (Sewer)
  2 orc zombies (Bailey)
500 creatures vanquished.

Vanquished Creatures (others)
  An ancient lich (Zot:5)
  A fire giant (Depths:3)
  A ghost moth (Zot:5)
  A draconian knight (Zot:4)
  A deep elf elementalist (Elf:3)
  A deep elf pyromancer (Elf:3)
  A deep elf zephyrmancer (Elf:2)
  A troll (Orc:2)
  A water elemental (Elf:3)
  3 humans
  A nameless horror (Elf:2)
  A bush (Depths:1)
  15 foxfires
  33 fungi
  42 plants
104 creatures vanquished.

Grand Total: 2045 creatures vanquished

Notes
Turn   | Place    | Note
-------+----------+-------------------------------------------
     0 | D:1      | mrw0lf the Djinni Ice Elementalist began the quest for the
                  | Orb.
     0 | D:1      | mrw0lf set off with the following spells memorised: Freeze,
                  | Frozen Ramparts, Ozocubu's Armour, Summon Ice Beast.
     0 | D:1      | Reached XP level 1. HP: 15/15 MP: 0/0
     0 | D:1      | Saving game... please wait.
     2 | D:1      | Saving game... please wait.
   227 | D:1      | Reached XP level 2. HP: 16/21 MP: 0/0
   683 | D:1      | Reached XP level 3. HP: 22/25 MP: 0/0
   683 | D:1      | Learned a level 1 spell: Magic Dart
   999 | D:2      | Noticed Jessica
  1020 | D:2      | Killed Jessica
  1021 | D:2      | Reached skill level 1 in Fighting
  1021 | D:2      | Reached XP level 4. HP: 23/32 MP: 0/0
  1687 | D:2      | Reached XP level 5. HP: 36/38 MP: 0/0
  1687 | D:2      | Learned a level 2 spell: Ensorcelled Hibernation
  1999 | D:3      | Reached skill level 2 in Fighting
  2162 | D:3      | Found an ornate altar of the Wu Jian Council.
  2226 | D:3      | Identified the +3 hand axe "Duwnis" {freeze, rF++ rN+ Dex-3
                  | SInv}
  2386 | D:3      | Found a sacrificial altar of Ru.
  2397 | D:3      | Reached XP level 6. HP: 37/44 MP: 0/0
  2407 | D:3      | Became a worshipper of Ru the Awakened
  2564 | D:3      | Reached skill level 5 in Spellcasting
  3044 | D:4      | Found a basalt altar of Yredelemnul.
  3191 | D:4      | Found a burning altar of Makhleb.
  3211 | D:4      | Reached skill level 3 in Fighting
  3306 | D:4      | Fell from the grace of Ru
  3307 | D:4      | Became a worshipper of Makhleb the Destroyer
  3356 | D:4      | Reached XP level 7. HP: 36/50 MP: 0/0
  3356 | D:4      | Learned a level 3 spell: Hailstorm
  3669 | D:4      | Found a runed translucent door.
  3670 | D:4      | Noticed Crazy Yiuf
  4026 | D:4      | Noticed a nameless horror
  4029 | D:4      | Killed a nameless horror
  4029 | D:4      | Killed Crazy Yiuf
  4076 | D:5      | Entered Level 5 of the Dungeon
  4143 | D:5      | Reached skill level 4 in Fighting
  4404 | D:5      | Reached XP level 8. HP: 58/58 MP: 0/0
  4896 | D:6      | Found an opulent altar of Gozag.
  4918 | D:6      | Reached * piety under Makhleb
  4971 | D:6      | Found a glowing drain.
  4977 | Sewer    | Entered a sewer
  5164 | Sewer    | Reached skill level 5 in Fighting
  5171 | Sewer    | Noticed Grinder
  5189 | Sewer    | Killed Grinder
  5189 | Sewer    | Reached ** piety under Makhleb
  5431 | D:6      | Found a staircase to the Ecumenical Temple.
  5449 | D:6      | Reached XP level 9. HP: 53/65 MP: 0/0
  5449 | D:6      | Learned a level 4 spell: Manifold Assault
  5595 | D:6      | Noticed Maggie
  5608 | D:6      | Killed Maggie
  6186 | D:7      | Found an iron altar of Okawaru.
  6374 | D:7      | Found Qegytej's Jewellery Shoppe.
  6376 | D:7      | Found Wiych's Book Shop.
  6376 | D:7      | Found Ucynnuet's Magic Scroll Emporium.
  6378 | D:7      | Found Xusiuff's Armour Boutique.
  6398 | D:7      | Bought a scroll of blinking for 105 gold pieces
  6398 | D:7      | Bought a scroll of teleportation for 42 gold pieces
  6398 | D:7      | Bought a scroll of identify for 28 gold pieces
  6461 | D:7      | Found Bilaogim's Distillery.
  6469 | D:7      | Bought a potion of curing for 39 gold pieces
  6469 | D:7      | Bought a potion of might for 52 gold pieces
  6469 | D:7      | Bought a potion of haste for 130 gold pieces
  6612 | D:7      | Reached XP level 10. HP: 60/70 MP: 0/0
  6683 | D:7      | Found Wojoriug's Overcharged Wands.
  6814 | D:7      | Reached skill level 10 in Spellcasting
  6980 | D:8      | Noticed Maurice
  7332 | D:8      | Found a staircase to the Lair.
  7337 | D:8      | Reached *** piety under Makhleb
  7343 | D:8      | Noticed Amaemon
  7344 | D:8      | Noticed an orange demon
  7355 | D:8      | Killed Amaemon
  7359 | D:8      | Killed an orange demon
  7873 | D:8      | Killed Maurice
  8055 | D:9      | Found a glowing golden altar of the Shining One.
  8123 | D:9      | Reached XP level 11. HP: 58/75 MP: 0/0
  8123 | D:9      | Learned a level 5 spell: Borgnjor's Vile Clutch
  8354 | D:9      | Found a flagged portal.
  8400 | D:9      | Identified the +6 halberd "Vair" {vamp, rElec MP+9}
  8423 | Bailey   | Entered a bailey
  8462 | Bailey   | Reached **** piety under Makhleb
  8630 | Bailey   | Reached skill level 1 in Armour
  8649 | Bailey   | Identified the +7 chain mail of Fobircho {Fly Str+4}
  8844 | D:9      | Upgraded the game from 0.30-a0-643-g638baaf3f0 to
                  | 0.30-a0-652-gcc886f7154
  8877 | D:9      | Reached ***** piety under Makhleb
  9143 | D:9      | Found a glowing silver altar of Zin.
  9330 | D:9      | Reached XP level 12. HP: 75/82 MP: 0/0
  9418 | D:7      | Bought an amulet of regeneration for 390 gold pieces
  9506 | D:10     | Entered Level 10 of the Dungeon
  9567 | D:10     | Found Onul's Antique Weapon Boutique.
  9598 | D:10     | Reached skill level 6 in Fighting
  9841 | D:10     | Found Duac's General Store.
  9984 | D:10     | Found a transporter.
 10025 | D:10     | Found a transporter.
 10030 | D:10     | Found Jyfaucy's General Store.
 10084 | D:10     | Bought a scroll of teleportation for 39 gold pieces
 10322 | D:11     | Reached skill level 7 in Fighting
 10419 | D:11     | Found Acymneiph's Hydra Hut.
 10421 | D:11     | Noticed an eight-headed hydra
 10703 | D:11     | Noticed a two-headed ogre
 10711 | D:11     | Reached skill level 8 in Fighting
 10711 | D:11     | Killed a two-headed ogre
 10782 | D:11     | Reached skill level 9 in Fighting
 11220 | Lair:1   | Entered Level 1 of the Lair of Beasts
 11283 | Lair:1   | Identified the +7 spear of Compassion {freeze, *Rage rElec
                  | rF+ rN+}
 11363 | Lair:1   | Reached skill level 10 in Fighting
 11377 | Lair:1   | Reached skill level 11 in Fighting
 11377 | Lair:1   | Reached XP level 13. HP: 99/99 MP: 0/0
 11377 | Lair:1   | Learned a level 5 spell: Summon Mana Viper
 11508 | Lair:1   | Noticed Harold
 11543 | Lair:1   | Killed Harold
 11544 | Lair:1   | Reached skill level 12 in Fighting
 11653 | Lair:1   | Noticed an ice dragon
 11667 | Lair:1   | Killed an ice dragon
 11952 | Lair:1   | Reached skill level 13 in Fighting
 12287 | Lair:2   | Reached ****** piety under Makhleb
 12330 | Lair:2   | Reached skill level 14 in Fighting
 12332 | Lair:2   | Reached XP level 14. HP: 101/112 MP: 0/0
 12491 | Lair:2   | Noticed Nergalle
 12498 | Lair:2   | Killed Nergalle
 13075 | Lair:3   | Noticed Rupert
 13080 | Lair:3   | Killed Rupert
 13081 | Lair:3   | Reached skill level 15 in Fighting
 13449 | Lair:3   | Found a staircase to the Snake Pit.
 13513 | Lair:3   | Noticed Nessos
 13523 | Lair:3   | Killed Nessos
 13829 | Lair:3   | Found a staircase to the Swamp.
 13976 | Lair:4   | Reached skill level 1 in Invocations
 14036 | Lair:4   | Reached skill level 15 in Spellcasting
 14301 | Lair:4   | Reached skill level 5 in Invocations
 14301 | Lair:4   | Reached XP level 15. HP: 118/120 MP: 0/0
 14301 | Lair:4   | Learned a level 6 spell: Eringya's Noxious Bog
 14420 | Lair:4   | Found a viscous altar of Jiyva.
 14420 | Lair:4   | Found a staircase to the Slime Pits.
 14602 | Lair:5   | Entered Level 5 of the Lair of Beasts
 15524 | Lair:5   | Reached skill level 10 in Invocations
 15923 | D:12     | Noticed Kirke
 15931 | D:12     | Killed Kirke
 16016 | D:12     | Reached skill level 5 in Dodging
 16026 | D:12     | Found a staircase to the Orcish Mines.
 16303 | D:12     | Identified the +3 flail of Tofick {venom, Dex+5}
 16345 | D:12     | Noticed Josephine
 16388 | D:12     | Killed Josephine
 16743 | Orc:1    | Entered Level 1 of the Orcish Mines
 17041 | Orc:1    | Reached XP level 16. HP: 98/126 MP: 0/0
 17274 | Orc:2    | Entered Level 2 of the Orcish Mines
 17274 | Orc:2    | Found Niacezia's Antique Weapon Shoppe.
 17332 | Orc:2    | Reached skill level 5 in Armour
 17481 | Orc:2    | Noticed Azrael
 18191 | Orc:2    | Found a staircase to the Elven Halls.
 18205 | Orc:2    | Killed Azrael
 18249 | Orc:2    | Found Qumul's Antique Armour Emporium.
 18404 | Orc:2    | Bought a pair of brightly glowing gloves for 332 gold
                  | pieces
 18404 | Orc:2    | Identified the +1 pair of gloves "Qeismes" {rPois Str-2
                  | Int+3} (You bought it in a shop on level 2 of the Orcish
                  | Mines)
 18507 | Orc:2    | Found Hah Fuote's Jewellery Emporium.
 18673 | Orc:2    | Found Mamitz Liabe's General Store.
 18850 | D:7      | Bought a scroll of acquirement for 728 gold pieces
 19018 | Orc:2    | Bought a scroll of identify for 22 gold pieces
 19018 | Orc:2    | Bought a scroll of identify for 22 gold pieces
 19344 | D:13     | Reached skill level 16 in Fighting
 19418 | D:13     | Noticed Erolcha
 19426 | D:13     | Killed Erolcha
 20125 | D:13     | Reached skill level 1 in Long Blades
 20184 | D:13     | Found a gate to the Vaults.
 21004 | D:15     | Entered Level 15 of the Dungeon
 21052 | D:15     | Reached skill level 5 in Long Blades
 21948 | D:15     | Reached XP level 17. HP: 133/133 MP: 0/0
 21948 | D:15     | Learned a level 6 spell: Summon Cactus Giant
 22133 | D:15     | Found a staircase to the Depths.
 22869 | Snake:1  | Entered Level 1 of the Snake Pit
 22962 | Snake:1  | Noticed Aizul
 22969 | Snake:1  | Killed Aizul
 22987 | Snake:1  | Noticed Mlioglotl
 23008 | Snake:1  | Killed Mlioglotl
 23590 | Snake:2  | Found a hide-covered altar of Uskayaw.
 24644 | Snake:3  | Reached XP level 18. HP: 39/139 MP: 0/0
 25160 | Snake:4  | Entered Level 4 of the Snake Pit
 25387 | Snake:4  | Reached skill level 10 in Long Blades
 25652 | Snake:4  | Found a frozen archway.
 26901 | Snake:4  | Reached XP level 19. HP: 112/145 MP: 0/0
 26901 | Snake:4  | Learned a level 7 spell: Dragon Form
 27079 | Snake:4  | Got a serpentine rune of Zot
 28044 | Swamp:1  | Entered Level 1 of the Swamp
 28103 | Swamp:1  | Reached skill level 1 in Shields
 28751 | Swamp:2  | Found a runed translucent door.
 28754 | Swamp:2  | Noticed Gakh's ghost (journeyman DrAr)
 28842 | Swamp:2  | Killed Gakh's ghost
 29172 | Swamp:2  | Noticed a tentacled monstrosity
 29231 | Swamp:2  | Killed a tentacled monstrosity
 29481 | Swamp:3  | Reached skill level 5 in Shields
 30229 | Swamp:4  | Entered Level 4 of the Swamp
 30541 | Swamp:4  | Noticed a tentacled monstrosity
 30553 | Swamp:4  | Killed a tentacled monstrosity
 30594 | Swamp:4  | Reached XP level 20. HP: 122/153 MP: 0/0
 31009 | Swamp:4  | Noticed a tentacled monstrosity
 31143 | Swamp:4  | Killed a tentacled monstrosity
 31197 | Swamp:4  | Got a decaying rune of Zot
 32215 | Elf:1    | Entered Level 1 of the Elven Halls
 32672 | Elf:1    | Identified the ring "Tetiutic" {rElec rC+ EV+5}
 32708 | Elf:1    | Reached skill level 17 in Fighting
 33667 | Elf:2    | Found a runed translucent gate.
 33667 | Elf:2    | Found a runed translucent gate.
 33668 | Elf:2    | Found a runed translucent gate.
 34020 | Elf:3    | Entered Level 3 of the Elven Halls
 34035 | Elf:3    | Found Jaempap's Jewellery Boutique.
 34037 | Elf:3    | Found Ropixe's Weapon Shop.
 34037 | Elf:3    | Found Akanalek's Armour Boutique.
 34041 | Elf:3    | Found Icuap's General Store.
 34049 | Elf:3    | Bought a scroll of teleportation for 57 gold pieces
 34437 | Elf:3    | Found Goelaon's Jewellery Shop.
 34493 | Elf:3    | Reached XP level 21. HP: 145/160 MP: 0/0
 34493 | Elf:3    | Learned a level 7 spell: Enfeeble
 34813 | Elf:3    | Paralysed by an air elemental for 1 turns
 35174 | Elf:3    | Reached skill level 15 in Invocations
 35186 | Elf:3    | Identified the +3 war axe "Ickef" {vamp, rC+ SInv}
 35191 | Elf:3    | Identified the +1 broad axe "Gaaho" {speed, Stlth+}
 35336 | Elf:3    | Paralysed by an air elemental for 1 turns
 35475 | Elf:3    | Reached skill level 10 in Shields
 35561 | Elf:3    | Identified the +3 scimitar of Peace {antimagic, rF- rC++
                  | rCorr Int+4}
 35567 | Elf:3    | Identified the +3 leather armour of Wasted Space {rF+++
                  | rCorr}
 35776 | Elf:3    | Found the +0 mask of the Dragon {Will+ Slay+3 SInv}
 35820 | Elf:3    | Identified the +1 falchion of the Dozen Ships {flame,
                  | *Noise rN++ Will+++ Int-2}
 35821 | Elf:3    | Identified the +2 ring mail "Oklin" {rCorr Str+3 Int+3
                  | Stlth+}
 35830 | Elf:3    | Identified the +2 quarterstaff of the Antique God {heavy,
                  | MP-9 Str-4 Int+8 Stlth+}
 36165 | Elf:3    | Bought a potion of heal wounds for 95 gold pieces
 36165 | Elf:3    | Bought 3 scrolls of blinking for 427 gold pieces
 36492 | Vaults:1 | Entered Level 1 of the Vaults
 36908 | Vaults:1 | Reached skill level 1 in Evocations
 37019 | Vaults:1 | Identified the +1 chain mail of the Unseen Realm {rElec}
 38043 | Vaults:2 | Noticed Nikola
 38307 | Vaults:2 | Reached XP level 22. HP: 163/168 MP: 0/0
 38381 | Vaults:2 | Found a staircase to the Crypt.
 38865 | Vaults:2 | Found a runed translucent door.
 38867 | Vaults:2 | Noticed Qarummed's ghost (adept GnBr)
 39018 | Vaults:2 | Found Plog's Assorted Antiques.
 39552 | Vaults:2 | Killed Nikola
 39638 | Vaults:3 | Reached skill level 5 in Evocations
 39655 | Vaults:3 | Reached skill level 10 in Armour
 40558 | Vaults:3 | Reached skill level 18 in Fighting
 40918 | Vaults:3 | You are sucked into a shaft and drop 1 floor!
 41082 | Vaults:4 | Identified the -1 pair of gloves "Tyunoen" {rN+ Int+5}
 41138 | Vaults:4 | Found Buruhot's General Store.
 41146 | Vaults:4 | Bought a scroll of fear for 80 gold pieces
 41188 | Vaults:4 | Reached XP level 23. HP: 175/175 MP: 0/0
 41188 | Vaults:4 | Learned a level 8 spell: Borgnjor's Revivification
 42404 | Orc:2    | Bought a manual of Dodging for 880 gold pieces
 42537 | Depths:1 | Entered Level 1 of the Depths
 42537 | Depths:1 | Found a gateway to Hell.
 42582 | Depths:1 | Reached skill level 10 in Dodging
 43255 | Depths:1 | Found a white marble altar of Elyvilon.
 43299 | Depths:1 | Found a hide-covered altar of Uskayaw.
 43589 | Depths:2 | Found Jikhlu Fuad's Distillery.
 44000 | Depths:2 | Found a one-way gate leading to the halls of Pandemonium.
 44371 | Depths:2 | Found a runed translucent gate.
 44371 | Depths:2 | Found a runed translucent gate.
 44371 | Depths:2 | Found a runed translucent gate.
 44372 | Depths:2 | Noticed a dread lich
 44372 | Depths:2 | Noticed Charly's ghost (adept OpTm)
 44403 | Depths:2 | Reached skill level 10 in Evocations
 44505 | Depths:2 | Reached XP level 24. HP: 155/183 MP: 0/0
 44825 | Depths:2 | Noticed a golden dragon
 44834 | Depths:2 | Killed a golden dragon
 44841 | Depths:2 | Noticed a juggernaut
 44855 | Depths:2 | Killed a juggernaut
 44856 | Depths:2 | Reached skill level 19 in Fighting
 44909 | Depths:2 | Noticed a juggernaut
 44931 | Depths:2 | Killed a juggernaut
 45060 | Depths:3 | Found a one-way gateway to a ziggurat.
 45144 | Depths:3 | Found a corrupted altar of Lugonu.
 45144 | Depths:3 | Found a one-way gate to the infinite horrors of the Abyss.
 45332 | Depths:3 | Noticed a shard shrike
 45501 | Depths:3 | Found a magical portal.
 45525 | WizLab   | Entered Eringya's Formal Garden
 45850 | WizLab   | Identified the +12 quarterstaff of Qazlal, Usurping {spect,
                  | Drain rElec Str+3}
 45919 | WizLab   | Found a blossoming altar of Fedhas.
 46528 | Elf:3    | Bought the ring "Xank" {EV+5 Int-2 Dex+9} for 865 gold
                  | pieces
 47098 | Depths:3 | Reached skill level 15 in Long Blades
 47662 | Depths:4 | Entered Level 4 of the Depths
 47757 | Depths:4 | Reached skill level 15 in Dodging
 47762 | Depths:4 | Reached XP level 25. HP: 178/191 MP: 0/0
 47762 | Depths:4 | Learned a level 8 spell: Necromutation
 48443 | Depths:4 | Found a gate to the Realm of Zot.
 49142 | Slime:1  | Entered Level 1 of the Pits of Slime
 49233 | Slime:5  | Entered Level 5 of the Pits of Slime
 49396 | Slime:5  | Noticed the Royal Jelly
 49481 | Slime:5  | Gained mutation: You are very vulnerable to cold. (rC--) [a
                  | shining eye]
 49502 | Slime:5  | Found a viscous altar of Jiyva.
 49519 | Slime:5  | Found the +2 hat of the Bear Spirit {Spirit, Bear, *Rage
                  | Will++}
 49592 | Slime:5  | Killed the Royal Jelly
 49845 | Slime:5  | Identified the ring "Lubank" {rF+ rC+ Will- rCorr Str+2
                  | Int+5}
 49847 | Slime:5  | Identified the +11 great sword of the Globe {freeze, rC+
                  | Str-3 Dex+7}
 49848 | Slime:5  | Identified the amulet "Litia" {Faith rF+ rN+}
 49882 | Slime:5  | Identified the +1 chain mail of Pephuwub {rElec}
 49884 | Slime:5  | Got a slimy rune of Zot
 49934 | Slime:5  | Identified the ring of Joy {Drain Fly MP+9 Str+4 Dex+2}
 50265 | Slime:5  | Acquired 1218 gold pieces
 50267 | Slime:5  | Acquired the +9 double sword of Exoneration {vamp, Int+3}
 50828 | D:7      | Bought a potion of might for 52 gold pieces
 50828 | D:7      | Bought a potion of resistance for 130 gold pieces
 50828 | D:7      | Bought a potion of mutation for 104 gold pieces
 50828 | D:7      | Bought a potion of brilliance for 52 gold pieces
 50933 | D:10     | Bought a scroll of fog for 52 gold pieces
 50933 | D:10     | Bought a scroll of summoning for 123 gold pieces
 51467 | Zot:1    | Entered Level 1 of the Realm of Zot
 51502 | Zot:2    | Found a runed translucent door.
 51502 | Zot:2    | Noticed HoaS's ghost (legendary GrHu)
 51517 | Zot:2    | You are sucked into a shaft and drop 2 floors!
 51817 | Zot:5    | Entered Level 5 of the Realm of Zot
 51817 | Zot:5    | Noticed a Killer Klown
 51825 | Zot:5    | Killed a Killer Klown
 52003 | Zot:5    | Reached XP level 26. HP: 196/198 MP: 0/0
 52229 | Zot:5    | Noticed an ancient lich
 52247 | Zot:5    | Killed an ancient lich
 52392 | Zot:5    | Noticed a Killer Klown
 52394 | Zot:5    | Noticed a dread lich
 52395 | Zot:5    | Noticed an orb of fire
 52441 | Zot:5    | Killed an orb of fire
 52443 | Zot:5    | Killed a Killer Klown
 52445 | Zot:5    | Killed a dread lich
 52576 | Zot:5    | Noticed an orb of fire
 52576 | Zot:5    | Gained mutation: You have a pair of small horns on your
                  | head. [an orb of fire]
 52580 | Zot:5    | Noticed an orb of fire
 52589 | Zot:5    | Gained mutation: You have a somewhat thin skeletal
                  | structure. (Dex +2, Stealth+) [an orb of fire]
 52598 | Zot:5    | Gained mutation: Armour fits poorly on your strangely
                  | shaped body. [an orb of fire]
 52751 | Zot:5    | Gained mutation: Your spells are a little easier to cast,
                  | but a little less powerful. [an orb of fire]
 53157 | Zot:5    | Gained mutation: You are frail. (-10% HP) [an orb of fire]
 53161 | Zot:5    | Killed an orb of fire
 53230 | Zot:5    | Noticed an ancient lich
 53240 | Zot:5    | Killed an ancient lich
 53249 | Zot:5    | Noticed an orb of fire
 53256 | Zot:5    | Gained mutation: Your body sometimes deteriorates upon
                  | taking damage. [an orb of fire]
 53264 | Zot:5    | Killed an orb of fire
 53289 | Zot:5    | Noticed a dread lich
 53299 | Zot:5    | Killed a dread lich
 53380 | Zot:5    | Reached skill level 20 in Fighting
 53460 | Zot:5    | Noticed an orb of fire
 53479 | Zot:5    | Gained mutation: Your spells are easier to cast, but less
                  | powerful. [an orb of fire]
 53480 | Zot:5    | Killed an orb of fire
 53541 | Zot:5    | Lost mutation: You have a somewhat thin skeletal structure.
                  | (Dex +2, Stealth+) [potion of mutation]
 53541 | Zot:5    | Lost mutation: You have a pair of small horns on your head.
                  | [potion of mutation]
 53541 | Zot:5    | Lost mutation: Your spells are easier to cast, but less
                  | powerful. [potion of mutation]
 53541 | Zot:5    | Gained mutation: You have supernaturally acute eyesight.
                  | (SInv) [potion of mutation]
 53541 | Zot:5    | Gained mutation: You are resistant to electric shocks.
                  | (rElec) [potion of mutation]
 53618 | Zot:5    | Noticed a Killer Klown
 53625 | Zot:5    | Killed a Killer Klown
 53648 | Zot:5    | Noticed an orb of fire
 53658 | Zot:5    | Killed an orb of fire
 53686 | Zot:5    | Reached XP level 27. HP: 141/184 MP: 0/0
 53686 | Zot:5    | Learned a level 9 spell: Death's Door
 53691 | Zot:5    | Killed an orb of fire
 54008 | Zot:5    | Got the Orb of Zot
 54537 | D:$      | Escaped with the Orb!

Illustrated notes

Levels and vault maps discovered:
D:1:      sevenhm_arrival_forest_fort_small_4, layout_loops_cross,
          nicolae_figureground_pulse
D:2:      layout_basic, minmay_distorted, uniq_jessica
D:3:      layout_loops_ring, nicolae_ru_great_annihilating_truth,
          nzn_wu_jian_council_hall, grunt_ministairs_2,
          kennysheep_generic_room_2
D:4:      layout_loops_cross, nicolae_overflow_crystal_walls,
          makhleb_blood_cavern_becter, uniq_crazy_yiuf_cottage
D:5:      layout_loops_cross, corner_web_ring, serial_park_tiny_1,
          uniq_prince_ribbit1
D:6:      layout_rooms, nicolae_sif_muna_condensation, amcnicky_altar_gilded,
          minmay_temple_entry_tees, gup_sewer_entry_bubbles,
          kennysheep_small_spiral, chequers_serial_rivers_marsh,
          kennysheep_generic_room_4, uniq_maggie
D:7:      layout_loops_ring, okawaru_metal_pillars_3, serial_shops, shop,
          roderic_lattice_a, nicolae_wooded_promenade,
          nicolae_shop_overcharged_wands
D:8:      layout_layer_cave, lair_entry_dummy,
          eino_small_chamber_without_monster, minmay_misc_feat_encased,
          uniq_amaemon, uniq_maurice
D:9:      layout_roguey, mainiacjoe_overflow_alcove_1, zin_treasury,
          enter_bailey_2, minmay_alternating_orb
D:10:     gammafunk_worm_tunnel, layout_gridville, serial_shops,
          kennysheep_mini, nicolae_shop_stone, nicolae_shop_statue_plus
D:11:     layout_basic, doesnt_shop_hydraphobe
D:12:     layout_loops_ring, david_orc_3, fungi_pond_lemuel, minivault_8,
          uniq_kirke, uniq_josephine
D:13:     layout_basic, ximxim_vaults_locker_room, uniq_erolcha
D:14:     layout_stronghold, chequers_serial_rivers_micro_d, minivault_21
D:15:     gammafunk_enter_depths_forms, layout_loops_ring,
          dreamdust_princess_bridge
Lair:1:   dragon1_lemuel, layout_gridlike, grunt_megastairs_3, uniq_harold
Lair:2:   layout_small_grid, uniq_nergalle
Lair:3:   layout_regular_city, nicolae_swamp_entry_splash_gauntlet,
          serial_bayou_shore_a, uniq_nessos, uniq_rupert
Lair:4:   layout_big_grid, dpeg_slime_entry_enclosed, grunt_megastairs_1
Lair:5:   evilmike_catoblepas_cave, layout_regular_city, minmay_hedge_maze,
          lookout_lair_type
Swamp:1:  layout_basic_swamp, wheals_swamp_sinkhole
Swamp:2:  layout_basic_swamp, hellmonk_ghost_happy_afterlife,
          evilmike_swamp_ruin_rubble_1, swamp_pool2,
          nicolae_swamp_soggy_hallways
Swamp:3:  nicolae_swamp_decorative_isthmus, layout_falls_marsh,
          serial_swamp_ruin, evilmike_swamp_ruin_house_1,
          evilmike_swamp_ruin_house_4, evilmike_swamp_ruin_wall, swamp_pool4,
          infiniplex_staircase_pool_2
Swamp:4:  swamp_vile, layout_basic_swamp, swamp_pool5
Snake:1:  layout_basic, uniq_aizul, uniq_mlioglotl
Snake:2:  layout_chambers, basic_altar
Snake:3:  layout_cave_shapes, serial_bayou_pond_a, drop_trap,
          nicolae_coiled_stairwell_down
Snake:4:  snake_pit_salamanders_mu, layout_cave_town,
          portal_ice_cave_entry_ice_statue_two
Slime:1:  layout_caves
Slime:2:  layout_caves, cheibrodos_slime_lost_civilization_6
Slime:3:  layout_caves, nicolae_slime_barrier
Slime:4:  layout_caves
Slime:5
Orc:1:    layout_caves
Orc:2:    grunt_orc_gardens, layout_caves, grunt_orc_garden, grunt_orc_garden,
          grunt_orc_garden, grunt_orc_garden, mines3_lemuel, uniq_azrael
Elf:1:    layout_geoelf_octagon, minmay_elf_crystal_heptagon,
          amcnicky_mini_pool_small
Elf:2:    elven_hall_of_blades_hangedman_original
          [nicolae_blade_entry_crossed_weapons], layout_geoelf_diagonals
Elf:3:    elf_hall, layout_onion_city, serial_shops, shop,
          nicolae_elf_elemental_lessons, minmay_shoptagon
Vaults:1: ontoclasm_vaults_gallery, nicolae_vaults_triangles, vaults_room_pool,
          ontoclasm_vaults_ring_small, vaults_dpeg_emergency_exit,
          ontoclasm_vaults_ring_square, ontoclasm_vaults_pinch, v_alt_pattern_3,
          vaults_room_boxed, vaults_dpeg_encased_lava,
          hangedman_vaults_corner_blocks, nicolae_vaults_network_quinsquares
          [nicolae_vaults_network_quincunx_subvault,
          nicolae_vaults_network_quincunx_subvault,
          nicolae_vaults_network_quincunx_subvault,
          nicolae_vaults_network_quincunx_subvault], v_misc_27,
          vaults_room_corners, v_pattern_1, vaults_room_pool,
          layout_vaults_omnicross
Vaults:2: hellmonk_ghost_big_iron, nicolae_vaults_hallways_thing, v_misc_25,
          ontoclasm_vaults_claustrophobia, nicolae_vaults_yaktaur_gun_rack,
          minmay_crypt_entry_simple_sparse, ontoclasm_vaults_decontamination,
          layout_vaults_omnigrid, serial_shops, nicolae_shop_overgrown_old_shop,
          uniq_nikola
Vaults:3: nicolae_vaults_network_s, v_alt_pattern_3,
          nicolae_vaults_network_square, v_misc_1,
          nicolae_vaults_little_squares_1, vaults_room_door_hall,
          hangedman_vaults_variations, vaults_room_grid, v_misc_2,
          vaults_room_semicircle, layout_vaults_ring
Vaults:4: hangedman_vaults_corner_blocks, vaults_mumra_hexcomb,
          nicolae_vaults_network_quincunx
          [nicolae_vaults_network_quincunx_subvault,
          nicolae_vaults_network_quincunx_subvault,
          nicolae_vaults_network_quincunx_subvault,
          nicolae_vaults_network_quincunx_subvault,
          nicolae_vaults_network_quincunx_subvault], vaults_room_stairs_pillars,
          nicolae_vaults_big_angled_halls, nicolae_vaults_what_the_h,
          vaults_standard_mumra_enter_the_diamond, ontoclasm_vaults_ring_square,
          hangedman_vaults_cutoff, layout_vaults_maze, serial_shops,
          nicolae_shop_hallway_stairs
Depths:1: layout_gridville, nicolae_uskayaw_murder_on_the_dancefloor,
          pf_hell_entry_tar_river, nicolae_elyvilon_peaceful_grove,
          firewood_loft
Depths:2: nicolae_aperiodic_l_corner, layout_long_grid, rand_demon_pan_entry_4,
          serial_shops, shop_statue, hell_entry, gammafunk_ghost_necromancy,
          minmay_misc_feat_rugged
Depths:3: dreamdust_isle_of_ice, layout_basic, enter_ziggurat_b,
          nicolae_kikubaaqudgha_miasma_corner, hell_entry,
          lightli_enter_wizlab_magi_temple, special_room
          [special_room_mythical_zoo], serial_aquarium, aquarium_bridge_square
          [aquarium_subvault_bridge, aquarium_subvault_wall,
          aquarium_subvault_wall, aquarium_subvault_window],
          aquarium_window_corner, aquarium_window_1, aquarium_view_2c,
          aquarium_pool_S, abyss_entry_flame_altar, hangedman_decor_push,
          infiniplex_staircase_x
Depths:4: evilmike_zot_entry_basic, layout_gridlike, pan_entry,
          grunt_hell_entry_dis_grunt, minmay_misc_feat_tower,
          hangedman_abyss_or_decor_stagger
Zot:1:    dreamdust_black_sun_cult, layout_concentric_octagons, st_stairs_1,
          zot_minivault_1
Zot:2:    layout_cellular_growth, ebering_ghost_inner_flame, uniq_parghit,
          uniq_vv
Zot:3:    layout_misc_corridors
Zot:4:    layout_gridville
Zot:5:    layout_gridlike, hangedman_zot_decor_tridents

Skill      XL: |  1  2  3  4  5  6  7  8  9 10 11 12 13 14 15 16 17 18 19 20 21 22 23 24 25 26 |
---------------+-------------------------------------------------------------------------------+-----
Spellcasting   | 4 5 6 7 9 11 13 15 16 17 | 17.9
Fighting       | 1 2 3 4 5 11 14 15 16 17 18 19 20 | 20.3
Armour         | 2 3 4 5 7 8 9 10 12 | 12.3
Dodging        | 4 5 6 7 9 11 15 16 17 | 17.9
Invocations    | 5 10 11 12 13 14 15 16 | 16.1
Long Blades    | 5 9 12 13 14 15 17 | 17.3
Shields        | 6 9 11 12 13 | 13.9
Evocations     | 3 7 10 12 | 12.3
Stealth        | |  1.5

Action                   |  1- 3 |  4- 6 |  7- 9 | 10-12 | 13-15 | 16-18 | 19-21 | 22-24 | 25-27 || total
-------------------------+-------+-------+-------+-------+-------+-------+-------+-------+-------++-------
Melee: Unarmed           |       |     2 |       |       |       |       |       |       |       ||     2
       Hand axe          |       |    10 |    70 |    89 |     6 |     1 |     1 |       |       ||   177
       Punch             |       |       |       |     1 |       |       |       |       |       ||     1
       Staff             |       |       |       |       |     1 |       |       |       |       ||     1
       Scimitar          |       |       |       |       |       |   107 |   831 |  1123 |   414 ||  2475
       Double sword      |       |       |       |       |       |       |       |       |   577 ||   577
       Headbutt          |       |       |       |       |       |       |       |       |     5 ||     5
Throw: Throwing net      |       |       |       |       |       |       |       |       |     5 ||     5
       Javelin           |       |       |       |       |       |       |       |       |     2 ||     2
 Cast: Freeze            |    47 |    92 |    20 |       |     6 |       |       |       |       ||   165
       Frozen Ramparts   |       |    10 |    38 |    43 |    21 |    15 |     2 |     2 |       ||   131
       Summon Ice Beast  |       |     1 |    34 |    51 |    60 |    61 |    76 |   101 |    40 ||   424
       Ozocubu's Armour  |       |     1 |    10 |    18 |    12 |    12 |     5 |    12 |     4 ||    74
       Hailstorm         |       |       |    14 |    62 |    83 |    83 |       |    64 |       ||   306
       Ensorcelled Hiber |       |       |       |     2 |     1 |       |       |       |       ||     3
       Borgnjor's Vile C |       |       |       |    64 |   174 |   293 |   288 |   185 |    91 ||  1095
       Magic Dart        |       |       |       |     5 |     1 |    15 |       |       |       ||    21
       Summon Mana Viper |       |       |       |       |    49 |    39 |    75 |   109 |    48 ||   320
       Eringya's Noxious |       |       |       |       |     8 |    23 |     2 |     6 |     1 ||    40
       Summon Cactus Gia |       |       |       |       |       |    58 |   108 |   109 |    57 ||   332
       Manifold Assault  |       |       |       |       |       |    26 |   430 |   519 |   493 ||  1468
       Dragon Form       |       |       |       |       |       |       |     2 |       |       ||     2
       Enfeeble          |       |       |       |       |       |       |       |       |    10 ||    10
Invok: Renounce Religion |       |     1 |       |       |       |       |       |       |       ||     1
       Major Destruction |       |       |       |       |       |       |       |     1 |       ||     1
       Greater Servant o |       |       |       |       |       |       |       |     1 |     9 ||    10
 Abil: End Transformatio |       |       |       |       |       |       |     2 |       |       ||     2
Evoke: Lightning rod     |       |       |       |       |       |     4 |       |       |     4 ||     8
       Wand              |       |       |       |       |       |     3 |       |     1 |     6 ||    10
       Condenser vane    |       |       |       |       |       |       |       |     2 |     1 ||     3
       Tin of tremorston |       |       |       |       |       |       |       |     2 |     2 ||     4
       Phantom mirror    |       |       |       |       |       |       |       |     2 |       ||     2
       Box of beasts     |       |       |       |       |       |       |       |       |     3 ||     3
  Use: Scroll            |       |       |     8 |    10 |     5 |    13 |       |     4 |    11 ||    51
       Potion            |       |       |       |     1 |       |     4 |       |     1 |    11 ||    17
 Stab: Paralysed         |       |       |     1 |       |       |       |       |       |       ||     1
       Distracted        |       |       |       |     1 |       |     4 |     3 |     3 |     5 ||    16
       Sleeping          |       |       |       |       |       |       |     1 |       |       ||     1
       Held in net/web   |       |       |       |       |       |       |       |       |     5 ||     5
Armor: Robe              |     4 |    10 |     2 |       |       |       |       |       |       ||    16
       Troll leather arm |       |       |    26 |    53 |    69 |   149 |    80 |   119 |    28 ||   524
Dodge: Dodged            |    23 |    62 |    71 |   130 |    82 |   218 |   153 |   260 |   230 ||  1229
Block: Kite shield       |       |       |       |       |       |       |   153 |   302 |   179 ||   634

Table legend: (Time is in decaauts)
 A = Elapsed time spent in this place.
 B = Non-inter-level travel time spent in this place.
 C = Inter-level travel time spent in this place.
 D = Time resting spent in this place.
 E = Time spent auto-exploring this place.
 F = Levels seen in this place.
 G = Mean time per level.
                   A        B        C        D        E       F      G
               +--------+--------+--------+--------+--------+-----+--------+
         Total |  54381 |  36066 |  18315 |   2526 |  22608 |  54 | 1007.1 |
       Dungeon |  19032 |  12622 |   6410 |    800 |   9040 |  15 | 1268.8 |
          Lair |   5130 |   3488 |   1642 |     48 |   2509 |   5 | 1026.0 |
         Swamp |   3353 |   2420 |    933 |    113 |   1464 |   4 |  838.2 |
     Snake Pit |   4625 |   3207 |   1418 |    324 |   1908 |   4 | 1156.2 |
    Slime Pits |   1142 |    722 |    420 |    106 |    279 |   5 |  228.4 |
  Orcish Mines |   2453 |   1375 |   1078 |    224 |    810 |   2 | 1226.5 |
   Elven Halls |   3964 |   2024 |   1940 |    212 |   1064 |   3 | 1321.3 |
        Vaults |   5312 |   3949 |   1363 |    225 |   2611 |   4 | 1328.0 |
        Depths |   5568 |   3785 |   1783 |    257 |   2355 |   4 | 1392.0 |
           Zot |   2330 |   1007 |   1323 |    157 |    180 |   5 |  466.0 |
         Sewer |    384 |    384 |      0 |      5 |     43 |   1 |  384.0 |
        Bailey |    397 |    397 |      0 |      8 |    107 |   1 |  397.0 |
        Wizlab |    686 |    686 |      0 |     47 |    238 |   1 |  686.0 |
               +--------+--------+--------+--------+--------+-----+--------+

Top non-repeatable levels by time:
 Snake:4: 2181 daAuts
   Elf:3: 2161 daAuts
    D:15: 2118 daAuts
Depths:2: 1747 daAuts
    D:12: 1736 daAuts
   Zot:5: 1733 daAuts
     D:9: 1654 daAuts
Depths:3: 1570 daAuts
    D:13: 1564 daAuts
Vaults:2: 1549 daAuts
    D:10: 1472 daAuts
Vaults:3: 1464 daAuts
   Orc:1: 1438 daAuts
Vaults:1: 1353 daAuts
    D:11: 1309 daAuts
